[Event "ICC tourney 2161 (75 10)"]
[Site "Internet Chess Club"]
[Date "2020.11.27"]
[Round "1"]
[White "lovechess12"]
[Black "Khammurabi"]
[Result "0-1"]
[ICCResult "White resigns"]
[WhiteElo "1285"]
[BlackElo "1601"]
[Opening "Scandinavian (center counter) defense"]
[ECO "B01"]
[NIC "VO.17"]
[Time "11:04:32"]
[PlyCount "58"]
[TimeControl "4500+10"]


1. e4 d5 2. exd5 c6 3. dxc6 Nxc6 4. Nc3 Nf6 5. d3 e5 6. Be2 Bc5 7. Nf3 Bg4
8. h3 Bf5 9. Bg5 Qd7 10. Qd2 O-O-O 11. O-O h6 12. Be3 Bb4 13. a3 Bd6 14.
Nb5 Bb8 15. Nc3 h5 16. b4 Bxh3 17. gxh3 Qxh3 18. Ng5 Qh4 19. Nxf7 Ng4 20.
Bxg4+ hxg4 21. f4 Qh1+ 22. Kf2 Qh4+ 23. Kg1 Qg3+ 24. Qg2 Qxe3+ 25. Rf2 g3
26. Nd1 gxf2+ 27. Nxf2 Qxf4 28. Nxd8 Rxd8 29. Qxg7 Nd4 { White resigns }
0-1

[Event "ICC tourney 2161 (75 10)"]
[Site "Internet Chess Club"]
[Date "2020.11.27"]
[Round "1"]
[White "JonesGill"]
[Black "donquiscot"]
[Result "0-1"]
[ICCResult "White checkmated"]
[WhiteElo "1228"]
[BlackElo "1585"]
[Opening "French: Two knights variation"]
[ECO "C00"]
[NIC "FR.01"]
[Time "11:04:25"]
[PlyCount "96"]
[TimeControl "4500+10"]


1. e4 e6 2. Nc3 d5 3. Nf3 d4 4. Ne2 c5 5. c3 d3 6. Nf4 c4 7. Qa4+ Bd7 8.
Qxc4 a6 9. Qb3 Bc6 10. Nd4 Bxe4 11. Bxd3 Bxd3 12. Nxd3 e5 13. Qa4+ b5 14.
Nxb5 Qd7 15. Nxe5 Qxb5 16. Qxb5+ axb5 17. d4 Nf6 18. O-O Be7 19. Bd2 O-O
20. f3 Nbd7 21. Rfe1 Bd6 22. a3 Bc7 23. Nxd7 Nxd7 24. Re7 Rad8 25. Rae1 Bd6
26. R7e2 h6 27. a4 bxa4 28. c4 Nf6 29. Bc3 Rfe8 30. Rxe8+ Rxe8 31. Ra1 Ra8
32. b3 a3 33. b4 a2 34. b5 Kf8 35. c5 Nd5 36. Bb2 Bb8 37. b6 Ke8 38. Kf2
Kd7 39. Rc1 Kc6 40. g3 Ra4 41. f4 Nb4 42. Ke3 a1=Q 43. Bxa1 Rxa1 44. Rxa1
Nc2+ 45. Ke4 Nxa1 46. Kf5 Kd5 47. h4 Nb3 48. g4 Nxd4# { White checkmated }
0-1

[Event "ICC tourney 2161 (75 10)"]
[Site "Internet Chess Club"]
[Date "2020.11.27"]
[Round "1"]
[White "Aserah"]
[Black "sushivishwa"]
[Result "0-1"]
[ICCResult "White resigns"]
[WhiteElo "1504"]
[BlackElo "1755"]
[Opening "Scotch: Schmidt variation"]
[ECO "C45"]
[NIC "SO.04"]
[Time "11:04:19"]
[PlyCount "36"]
[TimeControl "4500+10"]


1. e4 e5 2. Nf3 Nc6 3. d4 exd4 4. Nxd4 Nf6 5. f3 d5 6. Nxc6 bxc6 7. Nc3 Bb4
8. a3 Bxc3+ 9. bxc3 O-O 10. exd5 Re8+ 11. Be2 Ba6 12. Kf2 Rxe2+ 13. Kg1
Nxd5 14. Bd2 Qe7 15. h3 Qc5+ 16. Kh2 Qf2 17. Rg1 Rxd2 18. Qf1 Bxf1 { White
resigns } 0-1

[Event "ICC tourney 2161 (75 10)"]
[Site "Internet Chess Club"]
[Date "2020.11.27"]
[Round "1"]
[White "ParthP2003"]
[Black "sophiaz7"]
[Result "1-0"]
[ICCResult "Black checkmated"]
[WhiteElo "1708"]
[BlackElo "1462"]
[Opening "Giuoco Piano"]
[ECO "C54"]
[NIC "IG.02"]
[Time "11:04:33"]
[PlyCount "51"]
[TimeControl "4500+10"]


1. e4 e5 2. Nf3 Nc6 3. Bc4 Bc5 4. c3 Nf6 5. d3 O-O 6. O-O d5 7. exd5 Nxd5
8. Re1 Re8 9. b4 Bd6 10. Bxd5 Bd7 11. Bg5 Qc8 12. Nbd2 Bg4 13. Qb3 Be6 14.
Bxe6 Rxe6 15. Nc4 Qd7 16. b5 Nd8 17. Ncxe5 Qc8 18. Bxd8 Qxd8 19. Nxf7 Rg6
20. Nxd8+ Kh8 21. Nf7+ Kg8 22. Nxd6+ Kh8 23. Nf7+ Kg8 24. Nh6+ Kh8 25. Qg8+
Rxg8 26. Nf7# { Black checkmated } 1-0

[Event "ICC tourney 2161 (75 10)"]
[Site "Internet Chess Club"]
[Date "2020.11.27"]
[Round "1"]
[White "vedu24"]
[Black "Priccchess"]
[Result "0-1"]
[ICCResult "White resigns"]
[WhiteElo "1524"]
[BlackElo "1777"]
[Opening "Queen's pawn, Mason variation"]
[ECO "D00"]
[NIC "QP.08"]
[Time "11:04:22"]
[PlyCount "86"]
[TimeControl "4500+10"]


1. d4 d5 2. Bf4 e6 3. e3 Bd6 4. Bg3 Nf6 5. Nd2 O-O 6. Bd3 Re8 7. Ngf3 Nc6
8. c3 e5 9. dxe5 Nxe5 10. Nxe5 Bxe5 11. Bxe5 Rxe5 12. Nf3 Re8 13. Qc2 h6
14. O-O Bg4 15. Be2 Qe7 16. Nd4 Bxe2 17. Qxe2 c5 18. Nf3 a6 19. a4 Rad8 20.
Rad1 Qd7 21. Qc2 Qc6 22. c4 dxc4 23. Rxd8 Rxd8 24. Qxc4 Qd5 25. b3 Ne4 26.
h3 Qxc4 27. bxc4 Nc3 28. a5 Na2 29. Rb1 Nb4 30. Rb3 Rd1+ 31. Kh2 Ra1 32.
Rb2 Rxa5 33. Rd2 b5 34. Rd8+ Kh7 35. Ne5 f6 36. Nf7 bxc4 37. h4 Kg6 38. Nd6
c3 39. g4 h5 40. f4 hxg4 41. f5+ Kh7 42. h5 Nc6 43. Nf7 Nxd8 { White
resigns } 0-1

[Event "ICC tourney 2161 (75 10)"]
[Site "Internet Chess Club"]
[Date "2020.11.27"]
[Round "1"]
[White "kevin2010"]
[Black "Nacaroa-Dan"]
[Result "0-1"]
[ICCResult "White checkmated"]
[WhiteElo "1154"]
[BlackElo "1571"]
[Opening "Dutch"]
[ECO "A80"]
[NIC "HD.12"]
[Time "11:04:31"]
[PlyCount "44"]
[TimeControl "4500+10"]


1. d4 f5 2. Nf3 Nf6 3. e3 e6 4. Bd3 Be7 5. O-O O-O 6. Nbd2 b6 7. Re1 Bb7 8.
e4 fxe4 9. Nxe4 Nc6 10. Ned2 Qe8 11. c3 a5 12. Qc2 Qh5 13. Ne4 Nxe4 14.
Bxe4 Nd8 15. Bd2 Bd6 16. h3 Rxf3 17. Bxf3 Bxf3 18. gxf3 Qxh3 19. Qe4 Bh2+
20. Kh1 Bg3+ 21. Kg1 Qh2+ 22. Kf1 Qxf2# { White checkmated } 0-1

[Event "ICC tourney 2161 (75 10)"]
[Site "Internet Chess Club"]
[Date "2020.11.27"]
[Round "1"]
[White "ChessG2011"]
[Black "michaelpang"]
[Result "1-0"]
[ICCResult "Black resigns"]
[WhiteElo "1200"]
[BlackElo "1574"]
[Opening "Sicilian: Scheveningen (Paulsen), classical variation"]
[ECO "B84"]
[NIC "SI.23"]
[Time "11:04:09"]
[PlyCount "97"]
[TimeControl "4500+10"]


1. e4 c5 2. Nf3 d6 3. d4 cxd4 4. Nxd4 Nf6 5. Nc3 a6 6. Be2 e6 7. Be3 Be7 8.
O-O O-O 9. Qd2 Qc7 10. Rad1 Rd8 11. Bf3 Nbd7 12. Nde2 Ne5 13. Nd4 Nxf3+ 14.
Nxf3 b5 15. a3 Bb7 16. Qd3 d5 17. exd5 Bxd5 18. Nxd5 Rxd5 19. Qe2 Rad8 20.
c3 e5 21. Rxd5 Rxd5 22. Rd1 Qd7 23. Rd2 Ne4 24. Rxd5 Qxd5 25. Nd2 Nc5 26.
Nf3 f6 27. Qd2 Qd3 28. Bxc5 Qxd2 29. Nxd2 Bxc5 30. Kf1 Kf7 31. Ke2 Ke6 32.
f3 f5 33. Kd3 Kd5 34. c4+ Kd6 35. cxb5 axb5 36. Nb3 Kd5 37. Nxc5 Kxc5 38.
b3 Kd5 39. a4 bxa4 40. bxa4 Kc5 41. h4 h5 42. g3 g6 43. a5 Kb5 44. a6 Kxa6
45. Kc4 Ka5 46. Kd5 f4 47. gxf4 exf4 48. Ke4 g5 49. hxg5 { Black resigns }
1-0

[Event "ICC tourney 2161 (75 10)"]
[Site "Internet Chess Club"]
[Date "2020.11.27"]
[Round "1"]
[White "kwarrier"]
[Black "TheSuperKing"]
[Result "1-0"]
[ICCResult "Black resigns"]
[WhiteElo "1472"]
[BlackElo "1731"]
[Opening "Two knights defense"]
[ECO "C55"]
[NIC "KP.02"]
[Time "11:04:39"]
[PlyCount "77"]
[TimeControl "4500+10"]


1. e4 e5 2. Nf3 Nc6 3. d4 exd4 4. Bc4 Nf6 5. O-O d6 6. Nxd4 Nxd4 7. Qxd4
Be7 8. Nc3 O-O 9. Bf4 Nd7 10. Nd5 Nc5 11. e5 dxe5 12. Bxe5 Ne6 13. Nxe7+
Qxe7 14. Qc3 c6 15. Bxe6 fxe6 16. Qg3 Rf5 17. Rad1 Bd7 18. Rd4 c5 19. Rd6
Rd8 20. Rfd1 Rg5 21. Qc3 b6 22. f4 Rg6 23. Qd2 Qh4 24. Rxd7 Rf8 25. Rxa7
Qg4 26. Rb7 Qf3 27. Rxb6 Rxg2+ 28. Qxg2 Qxd1+ 29. Qf1 Qg4+ 30. Kh1 Qf5 31.
Qg2 Qg6 32. Qxg6 hxg6 33. Rb8 Rxb8 34. Bxb8 c4 35. a4 Kf7 36. a5 Ke7 37. a6
Kd8 38. a7 Kc8 39. a8=Q { Black resigns } 1-0

[Event "ICC tourney 2161 (75 10)"]
[Site "Internet Chess Club"]
[Date "2020.11.27"]
[Round "1"]
[White "jHanna"]
[Black "clammer"]
[Result "1-0"]
[ICCResult "Black checkmated"]
[WhiteElo "1790"]
[BlackElo "1549"]
[Opening "Old Benoni defense"]
[ECO "A43"]
[NIC "OI.09"]
[Time "11:04:33"]
[PlyCount "43"]
[TimeControl "4500+10"]


1. d4 c5 2. d5 c4 3. e4 b5 4. a4 Qa5+ 5. Bd2 Qb6 6. axb5 Qxb5 7. Na3 Qxb2
8. Bxc4 Qe5 9. Bd3 Nf6 10. Nf3 Qh5 11. Nb5 d6 12. Nc7+ Kd8 13. Ba5 Bg4 14.
Nxa8+ Kd7 15. Bb5+ Kc8 16. Qd3 Bxf3 17. Qc4+ Kb7 18. Qc7+ Kxa8 19. Bc6+
Nxc6 20. Qxc6+ Kb8 21. Qc7+ Ka8 22. Qc8# { Black checkmated } 1-0

[Event "ICC tourney 2161 (75 10)"]
[Site "Internet Chess Club"]
[Date "2020.11.27"]
[Round "1"]
[White "KyleZhuang"]
[Black "Florina12345"]
[Result "1-0"]
[ICCResult "Black checkmated"]
[WhiteElo "1629"]
[BlackElo "1330"]
[Opening "Ruy Lopez: Wormald (Alapin) attack"]
[ECO "C77"]
[NIC "RL.12"]
[Time "11:04:30"]
[PlyCount "65"]
[TimeControl "4500+10"]


1. e4 e5 2. Nf3 Nc6 3. Bb5 a6 4. Ba4 Nf6 5. Qe2 Bc5 6. d3 d6 7. c3 b5 8.
Bc2 Be6 9. O-O O-O 10. h3 h6 11. Rd1 Qe7 12. d4 exd4 13. cxd4 Bc4 14. Qd2
Bb4 15. Qe3 Rfe8 16. b3 Be6 17. d5 Bc5 18. Qe2 Bxd5 19. Nc3 Bxe4 20. Bxe4
Nxe4 21. Nxe4 Qxe4 22. Qf1 Nd4 23. Nd2 Ne2+ 24. Kh1 Qe5 25. Rb1 Nc3 26. Bb2
Bb4 27. Rbc1 Qc5 28. a3 Nxd1 29. Rxc5 Bxd2 30. Kh2 Re1 31. Qd3 Nxf2 32. Qd4
Be3 33. Qxg7# { Black checkmated } 1-0

[Event "ICC tourney 2161 (75 10)"]
[Site "Internet Chess Club"]
[Date "2020.11.27"]
[Round "1"]
[White "VincentT2008"]
[Black "atharvamchess"]
[Result "1/2-1/2"]
[ICCResult "Game drawn by mutual agreement"]
[WhiteElo "1751"]
[BlackElo "1502"]
[Opening "QGD: Semi-Tarrasch, San Sebastian variation"]
[ECO "D35"]
[NIC "TD.08"]
[Time "11:04:27"]
[PlyCount "60"]
[TimeControl "4500+10"]


1. d4 d5 2. c4 e6 3. Nc3 Nf6 4. cxd5 Nxd5 5. e4 Nxc3 6. bxc3 c5 7. Nf3 cxd4
8. cxd4 Bb4+ 9. Bd2 Qa5 10. a3 Bxd2+ 11. Qxd2 Qxd2+ 12. Nxd2 O-O 13. Be2
Rd8 14. Nf3 b6 15. O-O Bb7 16. e5 Nc6 17. Rfd1 Ne7 18. Rac1 Rac8 19. h3 g6
20. Rxc8 Rxc8 21. Nd2 Nf5 22. Nc4 Ba6 23. g4 Ne7 24. Nxb6 Bxe2 25. Nxc8
Nxc8 26. Rc1 Nb6 27. Kg2 Nd5 28. Kg3 h5 29. Rc5 hxg4 30. hxg4 a6 { Game
drawn by mutual agreement } 1/2-1/2

[Event "ICC tourney 2161 (75 10)"]
[Site "Internet Chess Club"]
[Date "2020.11.27"]
[Round "1"]
[White "ChessMindTT"]
[Black "trucker"]
[Result "0-1"]
[ICCResult "White resigns"]
[WhiteElo "1417"]
[BlackElo "1664"]
[Opening "King's Indian: East Indian defense"]
[ECO "A48"]
[NIC "QP.06"]
[Time "11:04:39"]
[PlyCount "48"]
[TimeControl "4500+10"]


1. d4 Nf6 2. Nf3 g6 3. e3 Bg7 4. Bd3 O-O 5. c3 d6 6. Nbd2 Nc6 7. e4 e5 8.
d5 Ne7 9. h3 c6 10. c4 b5 11. dxc6 bxc4 12. Nxc4 d5 13. Ncd2 dxe4 14. Nxe4
Nxe4 15. Bxe4 Qxd1+ 16. Kxd1 f5 17. Bc2 h6 18. Bb3+ Kh7 19. Ke2 Ba6+ 20.
Ke3 Rfd8 21. Rd1 Rxd1 22. Bxd1 Nxc6 23. Rb1 Rd8 24. Be2 f4+ { White resigns
} 0-1

[Event "ICC tourney 2161 (75 10)"]
[Site "Internet Chess Club"]
[Date "2020.11.27"]
[Round "1"]
[White "hemtej-g"]
[Black "falcongw"]
[Result "1-0"]
[ICCResult "Black resigns"]
[WhiteElo "1594"]
[BlackElo "1256"]
[Opening "Old Indian defense"]
[ECO "A53"]
[NIC "OI.04"]
[Time "11:04:38"]
[PlyCount "79"]
[TimeControl "4500+10"]


1. d4 Nf6 2. c4 d6 3. Nc3 g6 4. e3 Bg7 5. Nf3 Bg4 6. Be2 Nbd7 7. h3 Bxf3 8.
Bxf3 c6 9. O-O O-O 10. Re1 Qc7 11. e4 a6 12. Bf4 Ne8 13. Be3 c5 14. Nd5 Qd8
15. Rb1 e6 16. Nf4 cxd4 17. Bd2 Nc7 18. Bb4 Ne5 19. c5 Nb5 20. Be2 a5 21.
Bxb5 axb4 22. cxd6 Qxd6 23. Qb3 Ra5 24. Be2 Rfa8 25. Ra1 Nc6 26. Nd3 Bf8
27. Rec1 Ne5 28. Rd1 Nxd3 29. Bxd3 e5 30. Bc4 Qd7 31. Rd3 b5 32. Bd5 Rc8
33. Rf3 Ra7 34. Rxf7 Qxf7 35. Bxf7+ Rxf7 36. Qe6 Rc2 37. f3 Bc5 38. Kf1 d3
39. Qb3 Rxg2 40. Kxg2 { Black resigns } 1-0

[Event "ICC tourney 2161 (75 10)"]
[Site "Internet Chess Club"]
[Date "2020.11.27"]
[Round "1"]
[White "virajphadke"]
[Black "Jeffchess"]
[Result "1-0"]
[ICCResult "Black checkmated"]
[WhiteElo "1589"]
[BlackElo "1236"]
[Opening "Queen's pawn"]
[ECO "A40"]
[NIC "QO.17"]
[Time "11:04:11"]
[PlyCount "133"]
[TimeControl "4500+10"]


1. d4 c6 2. Bf4 Nf6 3. Nf3 Nd5 4. Bg3 Qb6 5. Qc1 e6 6. e4 Nf6 7. Bd3 Nh5 8.
Nbd2 Nxg3 9. hxg3 h6 10. Nc4 Qd8 11. g4 b5 12. Ne3 a5 13. a3 a4 14. g5 g6
15. Ng4 h5 16. Nf6+ Ke7 17. Qf4 Bg7 18. Rd1 d5 19. Ne5 Re8 20. Nxe8 Qxe8
21. exd5 exd5 22. O-O Bxe5 23. Qxe5+ Be6 24. Qf6+ Kd7 25. f4 Qe7 26. Qxe7+
Kxe7 27. Rde1 f5 28. gxf6+ Kxf6 29. Bxg6 Bg4 30. f5 Ra7 31. Re6+ Kg5 32.
Rfe1 Bxf5 33. Bxf5 Kxf5 34. R1e5+ Kg4 35. Re7 Rd7 36. Re8 Rb7 37. R5e7 Nd7
38. Rg7+ Kf5 39. Ree7 Nb6 40. Rxb7 Nc4 41. Rgc7 Ke4 42. c3 Kd3 43. Rh7 Nxb2
44. Rxh5 Kxc3 45. g4 Nc4 46. g5 Nd6 47. Rc7 Kb3 48. g6 Ne8 49. Re7 Nf6 50.
Rh3+ Kc4 51. Rf7 Ng8 52. Rf8 Ne7 53. g7 Kxd4 54. g8=Q Nxg8 55. Rxg8 Kc4 56.
Rc8 c5 57. Kf1 d4 58. Ke1 b4 59. axb4 Kxb4 60. Kd1 c4 61. Rb8+ Kc5 62. Rh5+
Kc6 63. Ra8 c3 64. Rxa4 Kd6 65. Ra6+ Ke7 66. Rh7+ Ke8 67. Ra8# { Black
checkmated } 1-0

[Event "ICC tourney 2161 (75 10)"]
[Site "Internet Chess Club"]
[Date "2020.11.27"]
[Round "1"]
[White "mutantpenguin"]
[Black "Niteshc"]
[Result "0-1"]
[ICCResult "White checkmated"]
[WhiteElo "1348"]
[BlackElo "1630"]
[Opening "Caro-Kann: exchange variation"]
[ECO "B13"]
[NIC "CK.02"]
[Time "11:04:29"]
[PlyCount "56"]
[TimeControl "4500+10"]


1. e4 c6 2. d4 d5 3. exd5 cxd5 4. Bd3 Nc6 5. c3 Nf6 6. h3 g6 7. Nf3 Bg7 8.
O-O O-O 9. Bf4 Re8 10. Re1 Bf5 11. Bxf5 gxf5 12. Ne5 Nxe5 13. dxe5 Ne4 14.
Nd2 Qc7 15. Nxe4 dxe4 16. f3 Bxe5 17. Bxe5 Qxe5 18. fxe4 Rad8 19. Qh5 Qg3
20. Qh6 f4 21. Rad1 f3 22. Rd2 Qxe1+ 23. Kh2 Qxd2 24. Qxd2 Rxd2 25. Kg1
Rxg2+ 26. Kf1 Rd8 27. Ke1 Rdd2 28. Kf1 Rd1# { White checkmated } 0-1

[Event "ICC tourney 2161 (75 10)"]
[Site "Internet Chess Club"]
[Date "2020.11.27"]
[Round "1"]
[White "rachael1120"]
[Black "Yamato1945"]
[Result "1-0"]
[ICCResult "Black checkmated"]
[WhiteElo "1683"]
[BlackElo "1434"]
[Opening "Caro-Kann: advance variation"]
[ECO "B12"]
[NIC "CK.02"]
[Time "11:04:09"]
[PlyCount "81"]
[TimeControl "4500+10"]


1. e4 c6 2. d4 d5 3. e5 c5 4. c3 Nc6 5. Nf3 Bg4 6. Bb5 Qb6 7. Bxc6+ bxc6 8.
dxc5 Qxc5 9. Qd4 e6 10. Qxg4 Nh6 11. Qd4 Qxd4 12. Nxd4 c5 13. Nb5 Rb8 14.
N5a3 Ng4 15. f4 c4 16. h3 Nh6 17. Nc2 Nf5 18. Nd4 Ng3 19. Rg1 Ne4 20. Nd2
Nc5 21. Ke2 Nd3 22. g3 Nxc1+ 23. Rgxc1 Rxb2 24. Rcb1 Rxb1 25. Rxb1 Kd8 26.
Rb7 Kc8 27. Rxa7 Bc5 28. Ra8+ Kb7 29. Rxh8 Bxd4 30. cxd4 c3 31. Nb3 c2 32.
Rxh7 Kb6 33. Kd2 Kb5 34. Kxc2 Kc4 35. Rxg7 Kb4 36. h4 Kc4 37. h5 Kb4 38. h6
Ka3 39. h7 f5 40. h8=Q Kxa2 41. Qa8# { Black checkmated } 1-0

[Event "ICC tourney 2161 (75 10)"]
[Site "Internet Chess Club"]
[Date "2020.11.27"]
[Round "1"]
[White "dangdang2000"]
[Black "APBrain"]
[Result "0-1"]
[ICCResult "White resigns"]
[WhiteElo "1257"]
[BlackElo "1594"]
[Opening "Sicilian: Pelikan, Chelyabinsk variation"]
[ECO "B33"]
[NIC "SI.37"]
[Time "11:04:08"]
[PlyCount "74"]
[TimeControl "4500+10"]


1. e4 c5 2. Nf3 Nc6 3. d4 cxd4 4. Nxd4 Nf6 5. Nc3 e5 6. Ndb5 d6 7. Bg5 a6
8. Na3 b5 9. Nd5 Be7 10. Bxf6 Bxf6 11. c3 O-O 12. Nc2 Be6 13. Nce3 Bg5 14.
h4 Bh6 15. g4 Bxe3 16. Nxe3 f6 17. Nf5 Bxf5 18. gxf5 Ne7 19. Qg4 Ra7 20. h5
h6 21. Rg1 Nc6 22. O-O-O Qc7 23. Kb1 b4 24. Bc4+ Kh8 25. Rd3 Rb8 26. Qg6
bxc3 27. Rxc3 Rab7 28. Rb3 Na5 29. Rxb7 Qxb7 30. Bb3 Qxe4+ 31. Ka1 Nxb3+
32. axb3 Qb7 33. Rg3 a5 34. f3 a4 35. Rg2 axb3 36. Kb1 Rc8 37. Rg3 Qa7 {
White resigns } 0-1

[Event "ICC tourney 2161 (75 10)"]
[Site "Internet Chess Club"]
[Date "2020.11.27"]
[Round "1"]
[White "lerui"]
[Black "atjn494"]
[Result "0-1"]
[ICCResult "White checkmated"]
[WhiteElo "1146"]
[BlackElo "1568"]
[Opening "Pirc: classical system, 5.Be2"]
[ECO "B06"]
[NIC "PU.03"]
[Time "11:04:27"]
[PlyCount "136"]
[TimeControl "4500+10"]


1. e4 g6 2. d4 Bg7 3. Nf3 d6 4. Be2 Nf6 5. Nc3 O-O 6. O-O Nbd7 7. h3 e5 8.
dxe5 Nxe5 9. Nxe5 dxe5 10. Qxd8 Rxd8 11. Be3 Be6 12. Nb5 c6 13. Nc7 Rac8
14. Nxe6 fxe6 15. f3 a6 16. Bc4 Kf7 17. Rfd1 Nh5 18. Kf2 Nf4 19. Bxf4 exf4
20. c3 b5 21. Bb3 Ke7 22. Ke2 c5 23. Rab1 b4 24. c4 Rxd1 25. Bxd1 Rd8 26.
Bc2 Rd4 27. b3 Rd6 28. Bd3 Kf6 29. Re1 Ke5 30. Rd1 Bf8 31. Kd2 Kd4 32. Re1
a5 33. Kc2 Ra6 34. Rd1 Ke3 35. Rd2 Bg7 36. Re2+ Kd4 37. Rd2 Bf8 38. Bf1+
Ke5 39. Bd3 a4 40. bxa4 Rxa4 41. Kb2 Bg7 42. Bc2 Ra7 43. Bb3 Kf6 44. Kc2
Ke7 45. Rd1 Rd7 46. Re1 Bc3 47. Re2 Kf6 48. Ba4 Rd8 49. Bb3 Kg5 50. Ba4 Kh4
51. Bb3 Kg3 52. Ba4 Rd4 53. Bb3 h5 54. Kc1 g5 55. Kc2 g4 56. hxg4 hxg4 57.
fxg4 Kxg4 58. Kc1 f3 59. gxf3+ Kxf3 60. Bd1 Rxc4 61. Re1+ Kf4 62. Rf1+ Ke5
63. Bc2 Rd4 64. Rf2 Rd8 65. Rh2 c4 66. Rf2 Ra8 67. Kb1 b3 68. axb3 Ra1# {
White checkmated } 0-1

[Event "ICC tourney 2161 (75 10)"]
[Site "Internet Chess Club"]
[Date "2020.11.27"]
[Round "1"]
[White "rcww2020"]
[Black "ivo20"]
[Result "1-0"]
[ICCResult "Black resigns"]
[WhiteElo "1658"]
[BlackElo "1416"]
[Opening "Bishop's opening"]
[ECO "C23"]
[NIC "IG.04"]
[Time "11:04:10"]
[PlyCount "94"]
[TimeControl "4500+10"]


1. e4 e5 2. Bc4 d6 3. Nf3 Qf6 4. Nc3 c6 5. d3 h6 6. h3 Be6 7. Bxe6 Qxe6 8.
O-O Nf6 9. d4 Be7 10. dxe5 dxe5 11. Qe2 O-O 12. Be3 a6 13. Na4 Nbd7 14. Nb6
Nxb6 15. Bxb6 Bd8 16. Bc5 Re8 17. Rfd1 b6 18. Bd6 Nd7 19. Ba3 Be7 20. Bxe7
Qxe7 21. Rd2 b5 22. Rad1 Nf6 23. c3 Nh5 24. Rd7 Nf4 25. Qd2 Qf6 26. Qd6
Nxh3+ 27. gxh3 Qxf3 28. Qxc6 Qxh3 29. R1d3 Qe6 30. Qxe6 Rxe6 31. Rc7 a5 32.
Rdd7 Rf6 33. Ra7 Rb8 34. Rxa5 b4 35. c4 b3 36. a3 Rc8 37. c5 Rf4 38. Rd3
Rxe4 39. Rc3 Rc6 40. Rb5 Rg6+ 41. Kf1 Rd4 42. c6 Rgd6 43. c7 Rd1+ 44. Kg2
Rg6+ 45. Rg3 Rc6 46. Rb8+ Kh7 47. c8=Q Rf6 { Black resigns } 1-0

[Event "ICC tourney 2161 (75 10)"]
[Site "Internet Chess Club"]
[Date "2020.11.27"]
[Round "1"]
[White "AbleCompany"]
[Black "MathMonkey"]
[Result "1-0"]
[ICCResult "Black checkmated"]
[WhiteElo "1568"]
[BlackElo "1147"]
[Opening "Grünfeld: exchange variation"]
[ECO "D85"]
[NIC "GI.03"]
[Time "11:04:22"]
[PlyCount "99"]
[TimeControl "4500+10"]


1. d4 Nf6 2. c4 g6 3. Nc3 d5 4. cxd5 Nxd5 5. Bd2 Bg7 6. e4 Nxc3 7. Bxc3 O-O
8. Nf3 Bg4 9. Be2 Bxf3 10. Bxf3 Nc6 11. d5 Ne5 12. Be2 f5 13. f4 Nd7 14.
Bxg7 Kxg7 15. e5 c6 16. dxc6 bxc6 17. O-O Nc5 18. Qc2 Qd4+ 19. Kh1 Ne4 20.
Bf3 Rac8 21. Rad1 Qc5 22. Bxe4 Qa5 23. Bd3 Qxa2 24. Bc4 Qa5 25. b3 Rc7 26.
e6 Qb6 27. Qc3+ Rf6 28. Rd7 Qb7 29. Rfd1 c5 30. Rxc7 Qxc7 31. Rd7 Qxf4 32.
Rxe7+ Kh6 33. Qh3+ Kg5 34. Qg3+ Qg4 35. h4+ Kh6 36. Qxg4 fxg4 37. Rf7 Rxf7
38. exf7 Kg7 39. Kh2 h5 40. Kg3 Kf8 41. Kf4 Kg7 42. Kg5 g3 43. Kf4 Kf8 44.
Kg5 Kg7 45. Bd5 a5 46. Bc4 a4 47. bxa4 Kh7 48. Kf6 Kh6 49. f8=Q+ Kh7 50.
Qg7# { Black checkmated } 1-0

[Event "ICC tourney 2161 (75 10)"]
[Site "Internet Chess Club"]
[Date "2020.11.27"]
[Round "1"]
[White "StevChess01"]
[Black "wildrumpus"]
[Result "0-1"]
[ICCResult "White resigns"]
[WhiteElo "1725"]
[BlackElo "1468"]
[Opening "Queen's Indian accelerated"]
[ECO "A50"]
[NIC "QP.07"]
[Time "11:04:32"]
[PlyCount "64"]
[TimeControl "4500+10"]


1. d4 Nf6 2. c4 b6 3. Nc3 Bb7 4. f3 Nc6 5. e4 e5 6. Nge2 Bb4 7. Be3 O-O 8.
Rc1 h6 9. a3 exd4 10. Nxd4 Nxd4 11. Bxd4 Be7 12. Be2 Nh5 13. O-O Bg5 14.
Rc2 Nf4 15. Nd5 Nxe2+ 16. Qxe2 Bxd5 17. cxd5 c6 18. f4 Be7 19. dxc6 dxc6
20. Rd1 Qc8 21. b4 Rd8 22. Be5 Rxd1+ 23. Qxd1 Qe6 24. Qf3 c5 25. b5 a6 26.
a4 axb5 27. axb5 Bf6 28. Bxf6 Qxf6 29. e5 Ra1+ 30. Kf2 Qh4+ 31. Ke2 Qe1+
32. Kd3 Ra3+ { White resigns } 0-1

[Event "ICC tourney 2161 (75 10)"]
[Site "Internet Chess Club"]
[Date "2020.11.27"]
[Round "1"]
[White "MehPlayer"]
[Black "ZYCON"]
[Result "0-1"]
[ICCResult "White resigns"]
[WhiteElo "1548"]
[BlackElo "1400"]
[Opening "Sicilian: dragon, Yugoslav attack, Rauser variation"]
[ECO "B76"]
[NIC "SI.17"]
[Time "11:04:20"]
[PlyCount "90"]
[TimeControl "4500+10"]


1. e4 c5 2. Nf3 d6 3. d4 cxd4 4. Nxd4 Nf6 5. Nc3 g6 6. Be3 Bg7 7. f3 O-O 8.
Qd2 Nc6 9. O-O-O Bd7 10. Bh6 Nxd4 11. Bxg7 Kxg7 12. Qxd4 Qa5 13. g4 Qg5+
14. Kb1 Bc6 15. Bg2 b5 16. h4 Qe5 17. Qf2 g5 18. hxg5 Qxg5 19. Nd5 Bxd5 20.
exd5 h5 21. gxh5 Nxh5 22. Rd4 Nf4 23. Rh4 Ng6 24. Rhg4 Qf6 25. f4 Qf5 26.
Rg5 Qf6 27. Rd3 Rh8 28. Rdg3 Kf8 29. Be4 Nxf4 30. Rf5 Rh1+ 31. Bxh1 Qxf5
32. Qg1 Ng6 33. Rg5 Qf4 34. Rg4 Qf6 35. Be4 Kg7 36. a3 a6 37. Rg5 Rh8 38.
Rf5 Qh4 39. Qd4+ Ne5 40. Qe3 Rh5 41. Rf1 Rg5 42. Rh1 Qg3 43. Rh7+ Kf6 44.
Qe2 Rg4 45. Qf1+ Qf4 { White resigns } 0-1

[Event "ICC tourney 2161 (75 10)"]
[Site "Internet Chess Club"]
[Date "2020.11.27"]
[Round "1"]
[White "CoarseCrown"]
[Black "Deveshc"]
[Result "1-0"]
[ICCResult "Black checkmated"]
[WhiteElo "1744"]
[BlackElo "1480"]
[Opening "QGA: 3.e4"]
[ECO "D20"]
[NIC "QG.04"]
[Time "11:04:09"]
[PlyCount "67"]
[TimeControl "4500+10"]


1. d4 d5 2. c4 dxc4 3. e4 Nf6 4. Nc3 e6 5. Bxc4 a6 6. Nge2 b5 7. Bd3 Bb7 8.
f3 Nbd7 9. O-O c5 10. Be3 c4 11. Bc2 Be7 12. Qe1 O-O 13. e5 Nd5 14. Nxd5
Bxd5 15. Qg3 g6 16. Bh6 Re8 17. Nf4 Kh8 18. Qh3 Rg8 19. Nxd5 exd5 20. f4
Nb6 21. f5 Qe8 22. fxg6 fxg6 23. e6 Bf8 24. Rf7 Bg7 25. Bxg6 Bxd4+ 26. Be3
Bxe3+ 27. Kh1 Qxf7 28. Bxf7 Bc5 29. Bxg8 Rxg8 30. Rf1 Bd4 31. e7 Bxb2 32.
Rf8 c3 33. e8=Q c2 34. Rxg8# { Black checkmated } 1-0

[Event "ICC tourney 2161 (75 10)"]
[Site "Internet Chess Club"]
[Date "2020.11.27"]
[Round "1"]
[White "flyingfred"]
[Black "Cooliguess"]
[Result "0-1"]
[ICCResult "White resigns"]
[WhiteElo "1495"]
[BlackElo "1750"]
[Opening "Sicilian: Alapin's variation (2.c3)"]
[ECO "B22"]
[NIC "SI.46"]
[Time "11:04:33"]
[PlyCount "76"]
[TimeControl "4500+10"]


1. e4 c5 2. c3 d6 3. d4 cxd4 4. cxd4 Nf6 5. Nc3 g6 6. Nf3 Bg7 7. Bc4 O-O 8.
O-O a6 9. a4 Qc7 10. Ba2 Bd7 11. Be3 e6 12. Rc1 Qa5 13. Re1 Nc6 14. Qd2 Nb4
15. Bb1 Rac8 16. b3 Rfd8 17. Na2 Nc6 18. Nc3 Qb4 19. Bc2 Ng4 20. Na2 Qxd2
21. Bxd2 Nxd4 22. Nxd4 Bxd4 23. Rf1 Bb2 24. f3 Bd4+ 25. Kh1 Nf2+ 26. Kg1
Nxe4+ 27. Kh1 Nxd2 28. Rfd1 Be3 29. Nb4 Nxb3 30. Rb1 Nd2 31. Rb2 Rc7 32. a5
Rdc8 33. h3 Nc4 34. Ra2 Rc5 35. Re1 Bd2 36. Rb1 Rxa5 37. Rxa5 Nxa5 38. Be4
Rc1+ { White resigns } 0-1